 Dungeon Crawl Stone Soup version 0.30-a0-50-gb2d611f6b1 (webtiles) character file.

Game seed: 12109060404374906691

21 purpskrrrp the Trooper (level 2, -4/25 HPs)
             Began as a Demigod Fighter on Sept 4, 2022.
             Slain by Terence
             ... wielding a +0 trident
              (5 damage)
             ... on level 2 of the Dungeon.
             The game lasted 00:02:02 (1092 turns).

purpskrrrp the Trooper (Demigod Fighter)            Turns: 1092, Time: 00:02:03

Health: -4/25      AC:  9    Str: 17    XL:     2   Next: 45%
Magic:  4/4        EV:  9    Int: 10    God:
Gold:   37         SH:  4    Dex: 13    Spells: 1/1 levels left

rFire   . . .      SeeInvis .    a - +0 flail
rCold   . . .      Faith    .    c - +0 buckler
rNeg    . . .      Spirit   .    b - +0 scale mail
rPois   .          Reflect  .    (no helmet)
rElec   .          Harm     .    g - +1 cloak
rCorr   .          Rampage  .    (no gloves)
Will    .....                    k - +0 pair of boots
Stlth   ..........               (no amulet)
HPRegen 0.08/turn                (no ring)
MPRegen 0.09/turn                (no ring)

@: mighty
A: high MP 1, forlorn, divine attributes
a: no special abilities


You were on level 2 of the Dungeon.
You visited 1 branch of the dungeon, and saw 2 of its levels.

You collected 37 gold pieces.

Inventory:

Hand Weapons
 a - a +0 flail (weapon)
Armour
 b - a +0 scale mail (worn)
 c - a +0 buckler (worn)
 g - a +1 cloak (worn)
 k - a +0 pair of boots (worn)
Potions
 h - a potion of curing
 i - a potion of haste


   Skills:
 + Level 2.8 Fighting
 * Level 2.3 Maces & Flails
 + Level 2.7 Armour
 + Level 0.4 Dodging
 + Level 0.4 Stealth
 + Level 2.8 Shields


You had one spell level left.
You didn't know any spells.
Your spell library was empty.

Dungeon Overview and Level Annotations

Branches:
Dungeon (2/15)

Annotations:
D:2 Terence


Innate Abilities, Weirdness & Mutations

You have an increased reservoir of magic. (+10% MP)
You shall have no god before yourself.
Your divine heritage dramatically boosts your attributes as you level up.


Message History

The endoplasm quivers.
There is a stone staircase leading up here.
Terence the Incautious comes into view.
He is wielding a +0 trident.
Terence shouts!
You hear a shout!
You barely miss the endoplasm. The endoplasm freezes you.
You are frozen.
You hit the endoplasm.
The endoplasm is moderately wounded.
The endoplasm hits you but does no damage.
You hit the endoplasm.
The endoplasm is almost dead.
A hobgoblin comes into view.
The endoplasm freezes you.
You are frozen.
The endoplasm hits you.
You hit the endoplasm.
You kill the endoplasm!
Terence hits you but does no damage. Terence hits you with a +0 trident.
You barely miss Terence. Terence hits you with a +0 trident.
You are too injured to fight recklessly!
You are too injured to fight recklessly!
You are too injured to fight recklessly!
You are too injured to fight recklessly!
You are too injured to fight recklessly!
You are too injured to fight recklessly!
You are too injured to fight recklessly!
You are too injured to fight recklessly!
You are too injured to fight recklessly!
You are too injured to fight recklessly!
You feel very mighty all of a sudden.
Terence says, "Don't bother to defend, it's pointless."
Terence hits you with a +0 trident.
You sock Terence!
Terence is severely wounded.
Terence hits you with a +0 trident!
* * * LOW HITPOINT WARNING * * *
Terence bares his teeth.
Terence hits you with a +0 trident.
You die...

...... #
....#. .#.#
......# #.#.
....... ... #
.......##.#.#
..........#.##
♣.....@g.....#
♣.....@#.#
♣........#
♣.....⌠#<#
♣........#
♣......#.#
♣......#.#
♣.......#.#
........###
......#


You could see Terence and a hobgoblin.

Vanquished Creatures
  A ball python (D:1)
  3 endoplasms
  2 giant cockroaches (D:1)
  4 hobgoblins (D:1)
  3 bats (D:1)
  2 kobolds (D:1)
  4 rats (D:1)
19 creatures vanquished.

Notes
Turn   | Place    | Note
-------+----------+-------------------------------------------
     0 | D:1      | purpskrrrp the Demigod Fighter began the quest for the Orb.
     0 | D:1      | Reached XP level 1. HP: 18/18 MP: 3/3
   371 | D:1      | Reached XP level 2. HP: 25/25 MP: 4/4
  1084 | D:2      | Noticed Terence
  1092 | D:2      | HP: 1/25 [Terence/+0 trident (9)]
  1092 | D:2      | Slain by Terence

Illustrated notes

Levels and vault maps discovered:
D:1:      lightli_arrival_maybe_door_vault, layout_basic,
          shapermc_ecumenical_altar_flowoftime, st_stairs_3, minmay_tetromino_o2
D:2:      layout_basic, minmay_door_square, chequers_serial_rivers_small_a,
          kennysheep_decorative_pillar, minmay_misc_feat_four_crosses,
          hangedman_decor_points, uniq_terence

Skill      XL: |  1 |
---------------+----+-----
Maces & Flails | 2 |  2.3
Fighting       | |  2.8
Armour         | |  2.7
Dodging        | |  0.4
Stealth        | |  0.4
Shields        | |  2.8

Action                   || total
-------------------------++-------
Melee: Flail             ||    69
  Use: Scroll            ||     5
       Potion            ||     1
Armor: Scale mail        ||    47
Dodge: Dodged            ||    48
Block: Buckler           ||    17

Table legend: (Time is in decaauts)
 A = Elapsed time spent in this place.
 B = Non-inter-level travel time spent in this place.
 C = Inter-level travel time spent in this place.
 D = Time resting spent in this place.
 E = Time spent auto-exploring this place.
 F = Levels seen in this place.
 G = Mean time per level.
                   A        B        C        D        E       F      G
               +--------+--------+--------+--------+--------+-----+--------+
         Total |   1114 |   1069 |     45 |      0 |    787 |   2 |  557.0 |
       Dungeon |   1114 |   1069 |     45 |      0 |    787 |   2 |  557.0 |
               +--------+--------+--------+--------+--------+-----+--------+

Top non-repeatable levels by time:
     D:1: 1104 daAuts
     D:2: 10 daAuts
